 Dungeon Crawl Stone Soup version 0.28-a0-1629-gf728b707aa (console) character file.

Game seed: 15456572959757087936

2906 Morrissey the Fighter (level 9, -11/60 HPs)
             Began as a Gargoyle Fighter on Jan 24, 2022.
             Was a Priest of Okawaru.
             Mangled by a two-headed ogre (23 damage)
             ... on level 8 of the Dungeon.
             The game lasted 00:09:34 (9353 turns).

Morrissey the Fighter (Gargoyle Fighter)            Turns: 9353, Time: 00:09:35

Health: -11/60     AC: 15    Str: 22    XL:     9   Next: 78%
Magic:  11/11      EV:  9    Int:  9    God:    Okawaru [***...]
Gold:   218        SH:  5    Dex: 11    Spells: 8/8 levels left

rFire   + . .      SeeInvis .   a - +1 whip (venom)
rCold   + . .      Faith    .   c - +0 buckler
rNeg    + + .      Spirit   .   b - +0 scale mail
rPois   ∞          Reflect  .   (no helmet)
rElec   +          Harm     .   e - scarf {rC+ rF+}
rCorr   .          Rampage  .   (no gloves)
Will    .....                   t - +0 pair of boots
Stlth   ..........              (no amulet)
HPRegen 0.20/turn               k - ring of positive energy
MPRegen 0.12/turn               (no ring)

@: no status effects
A: sickness immunity, AC +6, negative energy resistance 1, electricity
resistance, torment resistance 1, petrification resistance
a: Renounce Religion, Heroism


You were on level 8 of the Dungeon.
You worshipped Okawaru.
Okawaru was most pleased with you.
You visited 1 branch of the dungeon, and saw 8 of its levels.
You also visited: Ossuary.

You collected 295 gold pieces.
You spent 77 gold pieces at shops.

Inventory:

Hand Weapons
 a - a +1 whip of venom (weapon)
 n - a +0 flail
Missiles
 j - 3 datura-tipped darts (quivered)
Armour
 b - a +0 scale mail (worn)
 c - a +0 buckler (worn)
 e - a scarf of resistance (worn)
 t - a +0 pair of boots (worn)
Magical Staves
 G - a staff of fire
Jewellery
 k - a ring of positive energy (left hand)
 r - a ring of resist corrosion
 s - an amulet of the acrobat
 E - a ring of wizardry
Wands
 l - a wand of iceblast (2)
 m - a wand of polymorph (16)
 x - a wand of mindburst (18)
Scrolls
 f - 3 scrolls of magic mapping {unknown}
 g - 9 scrolls of teleportation
 h - 3 scrolls of blinking {unknown}
 p - 4 scrolls of enchant weapon {unknown}
 u - a scroll of noise {unknown}
 v - 2 scrolls of fog {unknown}
 w - a scroll of immolation {unknown}
 y - 4 scrolls of summoning {unknown}
 z - a scroll of enchant armour {unknown}
 B - 3 scrolls of identify
 C - 3 scrolls of amnesia {unknown}
 F - a scroll of brand weapon {unknown}
Potions
 d - a potion of might
 i - 2 potions of invisibility
 o - 2 potions of mutation
 q - a potion of flight {unknown}
 A - 2 potions of curing
 D - 2 potions of resistance {unknown}
 H - a potion of haste


   Skills:
 * Level 8.6 Fighting
 * Level 7.5 Maces & Flails
 + Level 6.5 Armour
 + Level 6.5 Shields
 + Level 3.9 Invocations


You had 8 spell levels left.
You didn't know any spells.
Your spell library contained the following spells:

 Spells                   Type           Power      Damage    Failure   Level
 Apportation              Tloc           0%         N/A       77%         1
 Freeze                   Ice            0%         1d3       77%         1
 Frozen Ramparts          Ice            0%         1d2       98%         3
 Hailstorm                Conj/Ice       0%         3d3       100%        4
 Animate Skeleton         Necr           Unusable   N/A       N/A         1
 Summon Small Mammal      Summ           Unusable   N/A       N/A         1

Dungeon Overview and Level Annotations

Branches:
Dungeon (8/15)             Temple (0/1) D:5         Ossuary (visited)
   Lair: D:8-11

Altars:
Ashenzari
Elyvilon
Hepliaklqana
Nemelex Xobeh
Okawaru
Sif Muna
Trog
Vehumet
Wu Jian
Yredelemnul
The Shining One

Shops:
D:6 (*(   D:7 (

Annotations:
D:8 Gargoyl's ghost, novice GnAK


Innate Abilities, Weirdness & Mutations

You are immune to sickness and miasma.
Your stone body is resilient. (AC +6)
You are immune to poison.
You resist negative energy. (rN+)
You are resistant to electric shocks. (rElec)
You are resistant to unholy torment.
You are immune to petrification.


Message History

The two-headed ogre is lightly wounded.
The two-headed ogre hits you with a +0 giant club!!
* * * LOW HITPOINT WARNING * * *
The two-headed ogre hits you but does no damage.
You are too injured to fight recklessly!
Unknown command.
Okay, then.
Aiming: Iceblast
Press: ? - help, Shift-Dir - straight line The mass of ice explodes!
The iceblast engulfs the two-headed ogre!
The two-headed ogre is heavily wounded.
The two-headed ogre closely misses you. The two-headed ogre barely misses you.
Unknown command.
Aiming: Iceblast
Press: ? - help, Shift-Dir - straight line, f - two-headed ogre
Aim: a two-headed ogre, wielding a +0 giant club and a +0 giant spiked club (heavily wounded, very poisoned)
The mass of ice explodes!
The iceblast engulfs the two-headed ogre!
The two-headed ogre is severely wounded.
Aiming: Iceblast
Press: ? - help, Shift-Dir - straight line, f/p - two-headed ogre
Aim: a two-headed ogre, wielding a +0 giant club and a +0 giant spiked club (severely wounded, very poisoned) That beam is likely to hit you.
Continue anyway?
Okay, then.
Unknown command.
You hit the two-headed ogre.
The two-headed ogre is almost dead.
The two-headed ogre hits you with a +0 giant club!
* * * LOW HITPOINT WARNING * * *
The two-headed ogre hits you with a +0 giant spiked club.
* * * LOW HITPOINT WARNING * * *
Unknown command.
The bullfrog croaks.
Gargoyl's ghost turns its malevolent gaze towards you.
You hear a croak.
You hear a bellow!
You barely miss the two-headed ogre.
The two-headed ogre is almost dead.
The two-headed ogre hits you with a +0 giant club!!
You die...

..#.#..# ..#.#..+ ..
#.....># #.## ....####
.# ... #.### .# #..
#.##### #.# .. ##
#.....#######.###.# ..#
##............##..#...
#............##@##.##..
#............##O#..W..#
#............##.#F.#
#............##.#..Y.Y.
.................##...#.
##............##..#....#
#............###.# ###.
#............# ...
##.#########.# ####


You could see a two-headed ogre (poisoned).

Vanquished Creatures
  A hornet (D:8)
  2 wyverns
  A water moccasin (D:8)
  An ice beast (D:5)
  A sky beast (D:6)
  3 black bears
  3 ogres
  2 necrophages
  A phantom (D:7)
  2 kobold brigands
  2 scorpions
  A water moccasin skeleton (D:7)
  4 howler monkeys
  A bullfrog zombie (D:5)
  3 centaur zombies
  4 hounds
  A jelly (D:8)
  4 orc priests
  A bullfrog skeleton (D:5)
  3 orc wizards
  3 iguanas
  A killer bee zombie (D:7)
  5 mummies (Ossuary)
  A howler monkey zombie (D:6)
  A gnoll (D:7)
  9 adders
  A white imp (D:8)
  An adder skeleton (D:5)
  3 worms
  23 orcs
  3 ball pythons
  5 bats
  5 endoplasms
  5 giant cockroaches (D:2)
  7 hobgoblins
  4 jackals (D:3)
  2 quokkas
  A frilled lizard (D:2)
  7 goblins
  3 hobgoblin zombies (Ossuary)
  18 kobolds
  8 rats
157 creatures vanquished.

Notes
Turn   | Place    | Note
-------+----------+-------------------------------------------
     0 | D:1      | Morrissey the Gargoyle Fighter began the quest for the Orb.
     0 | D:1      | Reached XP level 1. HP: 14/14 MP: 1/1
   590 | D:1      | Reached XP level 2. HP: 19/19 MP: 2/2
   883 | D:2      | Reached XP level 3. HP: 21/24 MP: 3/3
  1628 | D:2      | Reached skill level 4 in Fighting
  1720 | D:2      | Reached XP level 4. HP: 29/29 MP: 4/4
  1967 | D:3      | Found a faded altar of an unknown god.
  2552 | D:3      | Reached XP level 5. HP: 26/34 MP: 5/5
  3444 | D:4      | Reached XP level 6. HP: 33/40 MP: 6/6
  3447 | D:4      | Reached skill level 5 in Fighting
  3519 | D:4      | Found a hazy altar of Hepliaklqana.
  3547 | D:4      | Noticed a black bear
  3561 | D:4      | Killed a black bear
  3592 | D:4      | Found an ornate altar of the Wu Jian Council.
  3598 | D:4      | Found an iron altar of Okawaru.
  3599 | D:4      | Found a glowing golden altar of the Shining One.
  3601 | D:4      | Found a radiant altar of Vehumet.
  3604 | D:4      | Found a bloodstained altar of Trog.
  3772 | D:4      | Found a white marble altar of Elyvilon.
  3779 | D:4      | Became a worshipper of Warmaster Okawaru
  4077 | D:4      | Noticed a necrophage
  4094 | D:4      | Killed a necrophage
  4095 | D:4      | Reached XP level 7. HP: 33/44 MP: 7/7
  4678 | D:5      | Entered Level 5 of the Dungeon
  4731 | D:5      | Reached skill level 6 in Fighting
  4746 | D:5      | Reached skill level 5 in Maces & Flails
  5007 | D:5      | Reached * piety under Okawaru
  5008 | D:5      | Reached skill level 5 in Armour
  5008 | D:5      | Reached skill level 5 in Shields
  5083 | D:5      | Found a broken altar of Ashenzari.
  5168 | D:5      | Reached XP level 8. HP: 48/52 MP: 8/8
  5401 | D:5      | Reached skill level 1 in Invocations
  5428 | D:6      | HP: 2/52 [ogre (11)]
  5793 | D:5      | Reached skill level 7 in Fighting
  5976 | D:5      | Found a staircase to the Ecumenical Temple.
  6455 | D:6      | Found Tolulaek's General Store.
  6467 | D:6      | Reached ** piety under Okawaru
  6472 | D:6      | Bought a potion of heal wounds for 55 gold pieces
  6472 | D:6      | Bought a scroll of identify for 22 gold pieces
  6507 | D:6      | Found Liqiga Naus's Weapon Boutique.
  6718 | D:6      | Found a sparkling altar of Nemelex Xobeh.
  6805 | D:6      | Found Gasch's Weapon Shop.
  7149 | D:7      | Found Diesia's Weapon Emporium.
  7210 | D:7      | Noticed a wyvern
  7220 | D:7      | Killed a wyvern
  7221 | D:7      | Reached XP level 9. HP: 22/57 MP: 9/11
  7634 | D:7      | Found a basalt altar of Yredelemnul.
  7654 | D:7      | Found a shimmering blue altar of Sif Muna.
  7921 | D:7      | Reached skill level 8 in Fighting
  8472 | D:8      | Noticed a hornet
  8489 | D:8      | Killed a hornet
  8489 | D:8      | Reached *** piety under Okawaru
  8919 | D:8      | Found a sand-covered staircase.
  8926 | D:8      | Noticed a two-headed ogre
  8931 | Ossuary  | Entered an ossuary
  9349 | D:8      | Noticed Gargoyl's ghost (novice GnAK)
  9350 | D:8      | Noticed a moth of wrath
  9353 | D:8      | Mangled by a two-headed ogre

Illustrated notes

Levels and vault maps discovered:
D:1:      saegor_arrival_simple_b, layout_loops_ring, minmay_misc_feat_square,
          chequers_decorated_corner
D:2:      layout_basic
D:3:      layout_basic, serial_corexii_hall, corexii_hall_statues_t,
          chequers_hall_statues_wall_a, ebering_ecumenical_altar_box,
          supply_closet_lemuel
D:4:      layout_loops_ring, nicolae_overflow_hallway_of_the_gods
D:5:      layout_loops_ring, nicolae_ashenzari_skybound,
          minmay_temple_entry_enclosed_plants, glass_columns_a, st_stairs_2
D:6:      layout_basic, marbit_many_paths, serial_shops,
          nicolae_shop_temple_entry_statues_fountains, shop_statue,
          nicolae_shop_bloodbath_and_beyond
D:7:      layout_basic, mainiacjoe_overflow_boulevard,
          lemuel_zombie_altar_yredelemnul, enter_bailey_7, serial_curves,
          eino_curves_03, eino_curves_01, eino_curves_04, eino_curves_01,
          serial_shops, nicolae_take_the_stairs, hangedman_decor_diamond_cutter,
          hangedman_abyss_or_decor_slice, corexii_corridor_pit
D:8:      layout_basic, overflow_temple_1_default,
          gammafunk_ghost_berserking_beasts, enter_ossuary_1

Skill      XL: |  1  2  3  4  5  6  7  8  9 |
---------------+----------------------------+-----
Fighting       | 4 5 6 7 8 |  8.6
Maces & Flails | 3 4 5 6 7 |  7.5
Armour         | 4 5 6 |  6.5
Shields        | 4 5 6 |  6.5
Invocations    | 2 3 |  3.9

Action                   |  1- 3 |  4- 6 |  7- 9 || total
-------------------------+-------+-------+-------++-------
Melee: Flail             |   104 |    80 |       ||   184
       Whip              |       |   117 |   454 ||   571
Throw: Dart              |       |       |     1 ||     1
Invok: Heroism           |       |       |     1 ||     1
Evoke: Wand              |       |       |     2 ||     2
  Use: Potion            |       |     5 |     6 ||    11
       Scroll            |       |       |     2 ||     2
Armor: Scale mail        |    47 |    98 |   236 ||   381
Dodge: Dodged            |    53 |    98 |   181 ||   332
Block: Buckler           |    28 |    43 |    82 ||   153

Table legend: (Time is in decaauts)
 A = Elapsed time spent in this place.
 B = Non-inter-level travel time spent in this place.
 C = Inter-level travel time spent in this place.
 D = Time resting spent in this place.
 E = Time spent auto-exploring this place.
 F = Levels seen in this place.
 G = Mean time per level.
                   A        B        C        D        E       F      G
               +--------+--------+--------+--------+--------+-----+--------+
         Total |   9296 |   9002 |    294 |   1052 |   6317 |   9 | 1032.9 |
       Dungeon |   8911 |   8617 |    294 |    803 |   6317 |   8 | 1113.9 |
       Ossuary |    384 |    384 |      0 |    249 |      0 |   1 |  384.0 |
               +--------+--------+--------+--------+--------+-----+--------+

Top non-repeatable levels by time:
     D:4: 1423 daAuts
     D:7: 1317 daAuts
     D:6: 1316 daAuts
     D:3: 1295 daAuts
     D:2: 1199 daAuts
     D:5: 1093 daAuts
     D:1: 805 daAuts
     D:8: 461 daAuts
 Ossuary: 384 daAuts
